 Dungeon Crawl Stone Soup version 0.31-a0-875-g02e7d12df6 (webtiles) character file.

Game seed: 8651733307961718339

95 ytrimaz the Sneak (level 4, 0/28 HPs)
             Began as an Octopode Shapeshifter on Oct 12, 2023.
             Slain by a jelly (1 damage)
             ... on level 3 of the Dungeon.
             The game lasted 00:01:28 (1390 turns).

ytrimaz the Sneak (Octopode Shapeshifter)           Turns: 1390, Time: 00:01:29

Health: 0/28       AC: -3    Str: 13    XL:     4   Next: 66%
Magic:  4/4        EV: 13    Int: 12    God:
Gold:   39         SH:  0    Dex: 13    Spells: 3/3 levels left

rFire   . .          .
                       - Unarmed
rCold   . . .        (no shield)
rNeg    . . .        (helmet currently unavailable)
rPois   +            (no amulet)
rElec   .            g - ring of poison resistance
rCorr   .            (no ring)
SInv    .            (no ring)
Will    .....        (no ring)
Stlth   ++++         (no ring)
HPRegen 0.24/turn    (no ring)
MPRegen 0.09/turn    (no ring)
                     (no ring)

%: no passive effects
@: beast-form, corroded
A: beast (slay +1), almost no armour, amphibious, 8 rings, camouflage 1,
gelatinous body 1, (nimble swimmer 1), tentacles
a: Begin Untransformation


You were on level 3 of the Dungeon.
You were a hulking beast.
You visited 1 branch of the dungeon, and saw 3 of its levels.

You collected 39 gold pieces.


Innate Abilities, Weirdness & Mutations

You are a hulking beast.
Your limbs bulge with bestial killing power. (Slay +1)
You cannot wear most types of armour.
You are amphibious.
You can wear up to eight rings at the same time.
Your skin changes colour to match your surroundings (Stealth+).
Your rubbery body absorbs attacks. (AC +1, EV +1)
((You are camouflaged when in or above water. (Stealth+)))
You have tentacles for arms and can constrict up to eight enemies at once.


   Skills:
 - Level 1.0 Fighting
 - Level 2.0 Dodging
 + Level 6.0 Stealth
 - Level 3.0 Unarmed Combat
 - Level 3.0 Shapeshifting


You had 3 spell levels left.
You didn't know any spells.
Your spell library was empty.

Inventory:

Jewellery
 g - a ring of poison resistance (left tentacle)
   (You found it on level 3 of the Dungeon)
Talismans
 b - a beast talisman (active)
 c - a flux talisman
Scrolls
 d - 2 scrolls of poison {unknown}
 e - 2 scrolls of identify {unknown}
Potions
 a - 2 potions of lignification
 f - a potion of attraction {unknown}
 h - a potion of magic {unknown}
 i - a potion of mutation {unknown}

Dungeon Overview and Level Annotations

Branches:
Dungeon (3/15) Zot: 16616

Altars:

#....).......#
##..##...8...#
##'##.......+
##..##.....##
#....##)..##
#....'#####
##..##..##
####..).+
#Jh!.# ##!=##
####


You could see a jelly.


Message History

You take 4 damage, and now have 18/28 hp.
You release your grip on the goblin.
The endoplasm attacks as it pursues you!
The endoplasm hits you.
There is an open door here. 😮 HP[-1]
You take 1 damage, and now have 17/28 hp.
You are too injured to fight recklessly!
You are too injured to fight recklessly!
Unknown command.
You are too injured to fight recklessly!
You are too injured to fight recklessly!
You tentacle-slap the goblin.
You kill the goblin! 😮 HP[+1]
You are too injured to fight recklessly!
Unknown command.
You tentacle-slap the endoplasm but do no damage.
The endoplasm freezes you.
You are frozen. 😮 HP[-2]
You take 2 damage, and now have 16/28 hp.
You tentacle-slap the endoplasm. You squeeze the endoplasm.
You kill the endoplasm!
You tentacle-slap the rat.
You kill the rat!
Unknown command.
You tentacle-slap the dart slug. You grab the dart slug.
You squeeze the dart slug. You constrict the dart slug.
The dart slug bites you. 😮 HP[-1]
You take 1 damage, and now have 15/28 hp.
You bludgeon the dart slug!
You kill the dart slug!
Your Stealth skill increases to level 6!
There is an open door here.
Things that are here:
a +0 club; a dart slug corpse; a goblin corpse 😮 HP[+1]
g - a ring of poison resistance
h - a red potion 😮 HP[+1]
i - a pink potion
g - a ring of poison resistance (left tentacle) Key pressed, stopping explore.
You now have 35 gold pieces (gained 13).
You now have 39 gold pieces (gained 4).
There is an open door here.
Things that are here:
a +0 club; a dart slug corpse; a goblin corpse You open the door.
There is an open door here.
You open the door.
A kobold and a quokka come into view. 😎 HP[+11]
Your hp is fully restored (28).
There are monsters nearby!
There are monsters nearby!
There are monsters nearby!
There is an open door here.
A jelly comes into view.
The helpless kobold fails to defend itself.
You tentacle-slap the kobold.
You kill the kobold!
You see here a murky grey potion.
The helpless quokka fails to defend itself.
You tentacle-slap the quokka but do no damage.
Your grab misses the quokka. The quokka misses you.
Unknown command.
You tentacle-slap the quokka. You grab the quokka. You squeeze the quokka.
You kill the quokka!
The helpless jelly fails to defend itself.
You tentacle-slap the jelly.
Your tentacles burn!
You squeeze the jelly. The jelly misses you. 😕 HP[-3]
You take 3 damage, and now have 25/28 hp.
Unknown command.
You tentacle-slap the jelly but do no damage.
Your tentacles burn!
The jelly barely misses you. 😕 HP[-1]
You take 1 damage, and now have 24/28 hp.
You tentacle-slap the jelly.
Your tentacles burn! 😕 HP[-2]
You take 2 damage, and now have 22/28 hp.
You tentacle-slap the jelly.
Your tentacles burn!
The jelly hits you but does no damage. 😮 HP[-2]
You take 2 damage, and now have 20/28 hp.
Unknown command.
You tentacle-slap the jelly.
Your tentacles burn!
The jelly hits you.
* * * LOW HITPOINT WARNING * * *
The acid corrodes you!
You are splashed with acid!
* * * LOW HITPOINT WARNING * * *
😱 HP[-14]
You take 14 damage, and now have 6/28 hp.
MASSIVE DAMAGE!! (PAUSE)
You tentacle-slap the jelly.
Your tentacles burn!
* * * LOW HITPOINT WARNING * * *
The jelly hits you.
You die...

Skill      XL: |  1  2  3  4 |
---------------+-------------+-----
Stealth        | 2 3 5 6 |  6.0
Fighting       | |  1.0
Dodging        | |  2.0
Unarmed Combat | |  3.0
Shapeshifting  | |  3.0

Action                     |  1- 3 |  4- 6 || total
---------------------------+-------+-------++-------
  Melee: Unarmed           |    69 |    50 ||   119
         Constrict         |    18 |    12 ||    30
         Tentacles         |    11 |     9 ||    20
         Punch             |     1 |       ||     1
   Stab: Sleeping          |     2 |    11 ||    13
 Armour: Skin              |    29 |    31 ||    60
  Dodge: Dodged            |    41 |    25 ||    66

Levels and vault maps discovered:
D:1:      shiori_arrival_whats_in_store_for_you, layout_loops_ring
D:2:      layout_basic
D:3:      minmay_bubble_buster, layout_rooms,
          dreamdust_ecumenical_altar_hidden_monk_grotto, minmay_distorted,
          uniq_ijyb, uniq_robin

Notes
Turn   | Place    | Note
-------+----------+-------------------------------------------
     0 | D:1      | ytrimaz the Octopode Shapeshifter began the quest for the
                  | Orb.
     0 | D:1      | Reached XP level 1. HP: 13/13 MP: 1/1
     0 | D:1      | Noticed a minotaur skeleton
     0 | D:1      | magus.rc [v1.9.6]
    56 | D:1      | HP: 3/13 [frozen (2)]
    59 | D:1      | Reached skill level 1 in Stealth
   142 | D:1      | Reached skill level 2 in Stealth
   150 | D:1      | Reached XP level 2. HP: 14/18 MP: 2/2
   227 | D:1      | Reached skill level 3 in Stealth
   413 | D:1      | Reached XP level 3. HP: 18/23 MP: 3/3
   421 | D:1      | Reached skill level 4 in Stealth
   550 | D:1      | You fall into a shaft and drop 1 floor!
   660 | D:2      | Reached skill level 5 in Stealth
   660 | D:2      | Reached XP level 4. HP: 26/28 MP: 4/4
  1300 | D:3      | Reached skill level 6 in Stealth
  1389 | D:3      | HP: 6/28 [acid (8)]
  1390 | D:3      | HP: 1/28 [acid (5)]
  1390 | D:3      | Slain by a jelly

Vanquished Creatures
  3 adders
  A worm (D:3)
  4 dart slugs
  4 ball pythons
  3 endoplasms
  A giant cockroach (D:2)
  3 goblins
  6 hobgoblins
  7 jackals (D:1)
  4 quokkas
  10 bats
  A frilled lizard (D:1)
  4 kobolds
  3 rats
54 creatures vanquished.

Table legend:
 A = Non-vault XP
 B = Vault XP
 C = Vault XP percentage of total XP
 D = Non-vault monster count
 E = Vault monster count
 F = Vault count percentage of total count
                 A         B        C        D         E       F
            +---------+---------+-------+---------+---------+-------
      Total |     106 |      31 |  22.6 |      45 |       9 |  16.7
            +---------+---------+-------+---------+---------+-------
        D:1 |      53 |       0 |   0.0 |      28 |       0 |   0.0
        D:2 |      52 |       0 |   0.0 |      16 |       0 |   0.0
        D:3 |       1 |      31 |  96.9 |       1 |       9 |  90.0
            +---------+---------+-------+---------+---------+-------

Skill      XL: |  1  2  3  4 |
---------------+-------------+-----
Stealth        | 2 3 5 6 |  6.0
Fighting       | |  1.0
Dodging        | |  2.0
Unarmed Combat | |  3.0
Shapeshifting  | |  3.0

Action                     |  1- 3 |  4- 6 || total
---------------------------+-------+-------++-------
  Melee: Unarmed           |    69 |    50 ||   119
         Constrict         |    18 |    12 ||    30
         Tentacles         |    11 |     9 ||    20
         Punch             |     1 |       ||     1
   Stab: Sleeping          |     2 |    11 ||    13
 Armour: Skin              |    29 |    31 ||    60
  Dodge: Dodged            |    41 |    25 ||    66

Illustrated notes

Table legend:
 A = Kills in this place as a percentage of kills in the entire game.
 B = Kills by you in this place as a percentage of kills by you in the entire game.
 C = Kills by friends in this place as a percentage of kills by friends in the entire game.
 D = Other kills in this place as a percentage of other kills in the entire game.
 E = Experience gained in this place as a percentage of experience gained in the entire game.
 F = Experience gained in this place divided by the number of levels of this place that you have seen.
                   A       B       C       D       E      F
               +-------+-------+-------+-------+-------+----------------------
         Total | 100.0 | 100.0 |   N/A |   N/A | 100.0 |  45.7
       Dungeon | 100.0 | 100.0 |   N/A |   N/A | 100.0 |  45.7
               +-------+-------+-------+-------+-------+----------------------

Table legend: (Time is in decaauts)
 A = Elapsed time spent in this place.
 B = Non-inter-level travel time spent in this place.
 C = Inter-level travel time spent in this place.
 D = Time resting spent in this place.
 E = Time spent auto-exploring this place.
 F = Levels seen in this place.
 G = Mean time per level.
                   A        B        C        D        E       F      G
               +--------+--------+--------+--------+--------+-----+--------+
         Total |   1382 |   1364 |     18 |      0 |   1056 |   3 |  460.7 |
       Dungeon |   1382 |   1364 |     18 |      0 |   1056 |   3 |  460.7 |
               +--------+--------+--------+--------+--------+-----+--------+

Top non-repeatable levels by time:
     D:2: 629 daAuts
     D:1: 547 daAuts
     D:3: 205 daAuts
